 Dungeon Crawl Stone Soup version 0.25-a0-815-gab441bd002 (webtiles) character file.

Game seed: 15150983749758464074, levelgen mode: deterministic

1953 Glundar the Shield-Bearer (level 9, 0/57 HPs)
             Began as a Gargoyle Fighter on Apr 20, 2020.
             Slain by a troll (8 damage)
             ... in the Ecumenical Temple.
             The game lasted 00:18:57 (6277 turns).

Glundar the Shield-Bearer (Gargoyle Fighter)        Turns: 6277, Time: 00:18:59

Health: 0/57       AC: 20    Str: 24    XL:     9   Next: 19%
Magic:  9/9        EV:  5    Int:  8    God:
Gold:   310        SH: 11    Dex:  9    Spells: 8/8 levels left

rFire    . . .     SeeInvis .   a - +2 whip (vamp)
rCold    . . .     Gourm    .   c - +0 kite shield
rNeg     + . .     Faith    .   s - +0 plate armour
rPois    ∞         Spirit   .   E - +0 helmet
rElec    +         Reflect  .   (no cloak)
rCorr    .         Harm     .   (no gloves)
MR       .....                  (no boots)
Stlth    ..........             (no amulet)
HPRegen  0.19/turn              (no ring)
MPRegen  0.11/turn              (no ring)

@: mighty
A: negative energy resistance 1, electricity resistance, unbreathing,
petrification resistance, rot immunity, AC +6
a: no special abilities


You were in the Ecumenical Temple.
You were very hungry.

You visited 2 branches of the dungeon, and saw 8 of its levels.

You collected 310 gold pieces.

Inventory:

Hand Weapons
 a - a +2 vampiric whip (weapon)
 b - a +0 hunting sling
 w - a +0 war axe
 H - a +4 spear
Missiles
 g - 241 stones
 j - 38 sling bullets
 l - 31 poisoned darts (quivered)
 v - 4 datura-tipped darts
 G - 4 curare-tipped darts
Armour
 c - a +0 kite shield (worn)
 i - a +0 scale mail
 s - a +0 plate armour (worn)
 y - a +2 ring mail of poison resistance
 z - a +1 ring mail of cold resistance
 E - a +0 helmet (worn)
Jewellery
 q - an uncursed ring of resist corrosion {unknown}
Wands
 C - a wand of scattershot (2)
 I - a wand of acid (8)
 J - a wand of flame (18)
Scrolls
 h - 5 scrolls of remove curse {unknown}
 k - 8 scrolls of identify {unknown}
 m - 5 scrolls of immolation {unknown}
 p - 2 scrolls of amnesia {unknown}
 r - 2 scrolls of noise {unknown}
 u - a scroll of enchant weapon {unknown}
 B - 2 scrolls of enchant armour {unknown}
 D - 2 scrolls of teleportation {unknown}
 F - a scroll of vulnerability {unknown}
 K - a scroll of brand weapon {unknown}
Potions
 d - a potion of might
 e - 2 potions of brilliance {unknown}
 n - a potion of stabbing {unknown}
 o - a potion of cancellation {unknown}
 t - 3 potions of flight {unknown}
 x - 3 potions of curing {unknown}
Comestibles
 f - 11 rations


   Skills:
 + Level 7.1 Fighting
 - Level 4.1(4.8) Axes
 + Level 4.1(5.1) Maces & Flails
 + Level 7.1 Armour
 + Level 7.1 Shields


You had 8 spell levels left.
You didn't know any spells.
Your spell library was empty.

Dungeon Overview and Level Annotations

Branches:
Dungeon (7/15)             Temple (1/1) D:7

Altars:
Ashenzari
Cheibriados
Dithmenos
Fedhas
Gozag
Hepliaklqana
Kikubaaqudgha
Qazlal
Ru
Sif Muna
Trog
Uskayaw
Wu Jian
Xom
Yredelemnul


Innate Abilities, Weirdness & Mutations

You are resistant to torment.
Your stone body is resilient. (AC +6)
You are immune to poison.
You resist negative energy. (rN+)
You are resistant to electric shocks. (rElec)
You can survive without breathing.
You are immune to petrification.
You are immune to rotting.


Message History

The troll is moderately wounded.
The killer bee completely misses you. The troll barely misses you.
You block the troll's attack. x2; The killer bee stings you.
* * * LOW HITPOINT WARNING * * *
You feel very mighty all of a sudden.
The killer bee stings you but does no damage.
You block the troll's attack. The troll claws you but does no damage.
You block the troll's attack. The killer bee barely misses you.
You whack the troll!
The troll is heavily wounded.
The killer bee stings you but does no damage.
The troll bites you but does no damage. The troll claws you but does no damage.
The troll closely misses you. You block the killer bee's attack.
You barely miss the troll.
The troll is heavily wounded.
The killer bee stings you but does no damage.
The troll bites you.
* * * LOW HITPOINT WARNING * * *
The troll closely misses you. The troll claws you!
You die...

.............8.....8.♣
.....................♣
.....................♣
.....................♣
.....................♣
♣.♣.♣.♣.♣............♣
.............⌠.....⌠.♣
...............yT....♣
................@)...♣
.....................♣
.............⌠.....⌠.♣
♣.♣.♣.♣.♣............♣
..P......P...........♣
.P...................♣
.....................♣
.....................♣
.............8.....8.♣


You could see a troll and a killer bee.

Vanquished Creatures
  Eustachio (D:4)
  A black bear (Temple)
  2 sky beasts
  An ice beast (D:6)
  A centaur (D:6)
  A phantom (D:6)
  3 ogres
  A big kobold (Temple)
  A water moccasin zombie (D:5)
  2 scorpions (D:4)
  A vampire bat (D:5)
  A howler monkey (D:6)
  A bullfrog zombie (D:6)
  A crimson imp (D:5)
  A jelly (D:6)
  A quasit (D:6)
  2 bullfrog skeletons (D:4)
  3 orc priests
  An iguana (D:4)
  2 worker ants
  4 orc wizards
  2 hound skeletons
  4 gnolls (D:4)
  8 adders
  2 shadow imps (D:5)
  2 oozes (D:3)
  An adder zombie (D:6)
  An adder skeleton (D:6)
  5 worms
  3 dart slugs
  5 leopard geckos
  9 orcs
  A ball python (D:4)
  4 bat skeletons (D:5)
  2 bat zombies (D:5)
  9 giant cockroaches
  7 goblins
  3 hobgoblins
  A jackal (D:2)
  2 quokkas
  10 bats
  4 frilled lizards
  A giant cockroach zombie (D:5)
  A jackal skeleton (D:4)
  A jackal zombie (D:5)
  12 kobolds
  A leopard gecko zombie (D:5)
  A quokka skeleton (D:6)
  13 rats
147 creatures vanquished.

Notes
Turn   | Place    | Note
-------+----------+-------------------------------------------
     0 | D:1      | Glundar the Gargoyle Fighter began the quest for the Orb.
     0 | D:1      | Reached XP level 1. HP: 14/14 MP: 1/1
   187 | D:1      | Reached XP level 2. HP: 19/19 MP: 2/2
   678 | D:2      | Reached XP level 3. HP: 24/24 MP: 3/3
  1237 | D:2      | Reached XP level 4. HP: 27/29 MP: 4/4
  1695 | D:3      | Found a hazy altar of Hepliaklqana.
  2089 | D:3      | Reached XP level 5. HP: 33/33 MP: 5/5
  2142 | D:3      | Found a hide-covered altar of Uskayaw.
  2143 | D:3      | Noticed a +0 dagger
  2143 | D:3      | Noticed a +0 hand axe
  2257 | D:3      | Found a blossoming altar of Fedhas.
  2649 | D:4      | Reached XP level 6. HP: 35/39 MP: 6/6
  2994 | D:4      | Noticed Eustachio
  3032 | D:4      | Killed Eustachio
  3032 | D:4      | Reached skill level 5 in Fighting
  3032 | D:4      | Reached skill level 5 in Armour
  3032 | D:4      | Reached skill level 5 in Shields
  3032 | D:4      | Reached XP level 7. HP: 36/44 MP: 7/7
  3554 | D:5      | Entered Level 5 of the Dungeon
  3853 | D:4      | Reached skill level 1 in Maces & Flails
  4268 | D:5      | Reached XP level 8. HP: 51/51 MP: 8/8
  4384 | D:5      | Found an ancient bone altar of Kikubaaqudgha.
  4447 | D:5      | Found a shimmering altar of Xom.
  4447 | D:5      | Found a shimmering altar of Xom.
  4448 | D:5      | Found a shimmering altar of Xom.
  4985 | D:6      | Found a shimmering altar of Xom.
  5198 | D:6      | Found a stormy altar of Qazlal.
  5334 | D:6      | Reached XP level 9. HP: 17/56 MP: 9/9
  5971 | D:7      | Found a staircase to the Ecumenical Temple.
  5982 | Temple   | Entered the Ecumenical Temple
  6220 | D:7      | Noticed a troll
  6277 | Temple   | Slain by a troll

Levels and vault maps discovered:
D:1:      lightli_arrival_statue_moat, layout_rooms
D:2:      minmay_spotlight, layout_rooms
D:3:      layout_loops_ring, old_standard_altar, dancing_weapons_uskayaw,
          fedhas_altar_2
D:4:      layout_basic, first_ration, uniq_eustachio
D:5:      layout_rooms, kennysheep_vampire_church, xom_redecorated
D:6:      layout_loops_ring, nicolae_qazlal_general_emergency,
          minmay_misc_feat_five, minmay_ruined_shrine
D:7:      layout_cave_pools, minmay_temple_entry_sparse_star, serial_shops,
          nicolae_shop_statue_plus
Temple:   jpeg_temple_alley_garden

Skill      XL: |  1  2  3  4  5  6  7  8  9 |
---------------+----------------------------+-----
Axes           | 2 3 4 |  4.1
Fighting       | 4 5 6 7 |  7.1
Armour         | 4 5 6 7 |  7.1
Shields        | 4 5 6 7 |  7.1
Maces & Flails | 1 3 4 |  4.1

Action                   |  1- 3 |  4- 6 |  7- 9 || total
-------------------------+-------+-------+-------++-------
Melee: War axe           |   133 |   181 |       ||   314
       Whip              |       |       |   491 ||   491
 Fire: Hunting sling     |    44 |    53 |     4 ||   101
  Use: Potion            |       |       |     1 ||     1
  Eat: Chunk             |     1 |     6 |     7 ||    14
       Ration            |       |       |     1 ||     1
Armor: Scale mail        |    83 |    17 |       ||   100
       Plate armour      |       |   122 |   409 ||   531
Dodge: Dodged            |    42 |    35 |   106 ||   183
Block: Kite shield       |    88 |    96 |   324 ||   508

Table legend:
 A = Non-vault XP
 B = Vault XP
 C = Vault XP percentage of total XP
 D = Non-vault monster count
 E = Vault monster count
 F = Vault count percentage of total count
                 A         B        C        D         E       F
            +---------+---------+-------+---------+---------+-------
      Total |    2022 |     769 |  27.6 |     128 |      19 |  12.9
            +---------+---------+-------+---------+---------+-------
        D:1 |      28 |       0 |   0.0 |      20 |       0 |   0.0
        D:2 |      62 |       6 |   8.8 |      23 |       3 |  11.5
        D:3 |     113 |       0 |   0.0 |      23 |       0 |   0.0
        D:4 |     611 |     191 |  23.8 |      26 |       1 |   3.7
        D:5 |     339 |      67 |  16.5 |      18 |       7 |  28.0
        D:6 |     642 |     505 |  44.0 |      15 |       8 |  34.8
     Temple |     227 |       0 |   0.0 |       3 |       0 |   0.0
            +---------+---------+-------+---------+---------+-------
